 Dungeon Crawl Stone Soup version 0.31-a0-233-g139696dc86 (webtiles) character file.

Game seed: 9596785513268632579

71 qw the Shooter (level 4, -8/26 HPs)
             Began as a Gargoyle Hexslinger on July 9, 2023.
             Mangled by a hell rat (15 damage)
             ... in a sewer.
             The game lasted 00:00:33 (1330 turns).

qw the Shooter (Gargoyle Hexslinger)                Turns: 1330, Time: 00:00:34

Health: -8/26      AC: 10    Str: 12    XL:     4   Next: 24%
Magic:  5/5        EV: 12    Int: 13    God:
Gold:   5          SH:  0    Dex: 14    Spells: 4/5 levels left

rFire   . . .        Y - +1 sling (flame)
rCold   + . .        (no shield)
rNeg    + . .        k - +2 robe {rC+}
rPois   inf          (no helmet)
rElec   +            (no cloak)
rCorr   .            l - +2 pair of gloves
SInv    .            (no boots)
Will    .....        (no amulet)
Stlth   +            (no ring)
HPRegen 0.24/turn    (no ring)
MPRegen 0.09/turn

%: no passive effects
@: no status effects
A: sickness immunity, AC +3, negative energy resistance 1, electricity
resistance, torment resistance 1, petrification resistance
a: no special abilities


You were in a sewer.
You visited 1 branch of the dungeon, and saw 3 of its levels.
You also visited: Sewer.

You collected 125 gold pieces.
You spent 120 gold pieces at shops.


Innate Abilities, Weirdness & Mutations

You are immune to sickness and miasma.
Your stone body is resilient. (AC +3)
You are immune to poison.
You resist negative energy. (rN+)
You are resistant to electric shocks. (rElec)
You are resistant to unholy torment.
You are immune to petrification.


   Skills:
 - Level 2.0 Fighting
 + Level 4.0 Ranged Weapons
 - Level 1.5 Dodging
 - Level 1.0 Spellcasting
 - Level 2.6 Hexes


You had 4 spell levels left.
You knew the following spells:

 Your Spells              Type           Power      Damage    Failure   Level
a - Slow                  Hex            28%        N/A       10%         1

Your spell library contained the following spells:

 Spells                   Type           Power      Damage    Failure   Level
 Inner Flame              Hex/Fire       4%         N/A       43%         3
 Portal Projectile        Hex/Tloc       8%         N/A       43%         3
 Cause Fear               Hex            3%         N/A       67%         4

Inventory:

Hand Weapons
 Y - a +1 sling of flaming (weapon)
Armour
 k - a +2 robe of cold resistance (worn)
 l - a +2 pair of gloves (worn)
Scrolls
 b - 2 scrolls of enchant armour
 i - a scroll of identify
Potions
 a - a potion of degeneration {unknown}
 h - a potion of invisibility {unknown}

Dungeon Overview and Level Annotations

Branches:
Dungeon (4/15)              Sewer (1/1)
 Temple: D:4-7

Altars:
Elyvilon

Shops:
D:1 =   D:4 *


Message History

1317 ||| Stepping ~*~*~tactically~*~*~ (water).
You shoot a sling bullet. The sling bullet hits the rat.
The sling bullet burns the rat.
You kill the rat!
You enter the shallow water.
Moving in this stuff is going to be slow.
You open the door.
A hell rat comes into view.
The hell rat roars deafeningly!
Found six items.
Found a gate leading back out of this place.
1321 ||| Stepping ~*~*~tactically~*~*~ (water).
You shoot a sling bullet.
The sling bullet hits the hell rat but does no damage.
You shoot a sling bullet.
The sling bullet barely misses the hell rat.
You shoot a sling bullet.
The sling bullet hits the hell rat but does no damage.
The hell rat bites you but does no damage.
You shoot a sling bullet.
The sling bullet closely misses the hell rat.
The hell rat bites you! The hell rat bites you.
You shoot a sling bullet.
The sling bullet barely misses the hell rat.
The hell rat completely misses you.
You shoot a sling bullet.
The sling bullet closely misses the hell rat.
The hell rat bites you. x2
You shoot a sling bullet.
The sling bullet barely misses the hell rat.
The hell rat closely misses you.
You shoot a sling bullet. The sling bullet hits the hell rat.
The sling bullet burns the hell rat.
The hell rat is lightly wounded.
The hell rat closely misses you.
You shoot a sling bullet.
The sling bullet barely misses the hell rat.
The hell rat bites you!
Ouch! That really hurt!
You die...

#########
###.~@~...###
###.~..r~.~~~~#
#~~.~~##'##.....
##.%.###~~~ #..~
#~.~## ~~~~~ ~~
#..~# ~~~~~.~ .
#~~%##.?!???~# ~~
##~..###?\!###.%~
#.~~~.#####~.~~.


You could see a hell rat.

Vanquished Creatures
  2 river rats (Sewer)
  An adder (D:4)
  An orc (D:4)
  6 endoplasms
  4 giant cockroaches
  6 goblins
  3 hobgoblins
  2 quokkas (D:4)
  3 ball pythons
  2 bats (D:1)
  5 kobolds
  7 rats
42 creatures vanquished.

Notes
Turn   | Place    | Note
-------+----------+-------------------------------------------
     0 | D:1      | qw the Gargoyle Hexslinger began the quest for the Orb.
     0 | D:1      | Reached XP level 1. HP: 12/12 MP: 2/2
     0 | D:1      | 0 ||| qw: Version: 0.3-a-51-g015441d
     0 | D:1      | 0 ||| qw: Game counter: 3936
     0 | D:1      | 0 ||| qw: Melee chars always use a shield: true
     0 | D:1      | 0 ||| qw: God list: Okawaru
     0 | D:1      | 0 ||| qw: Allow faded altars: false
     0 | D:1      | 0 ||| qw: Do Orc after clearing Dungeon:15 true
     0 | D:1      | 0 ||| qw: Do second Lair branch before Depths: true
     0 | D:1      | 0 ||| qw: Lair rune preference: random
     0 | D:1      | 0 ||| qw: Goals: Normal
     0 | D:1      | 0 ||| PLANNING D:1-11
   199 | D:1      | Reached XP level 2. HP: 16/16 MP: 3/3
   337 | D:1      | Reached skill level 3 in Ranged Weapons
   505 | D:1      | Found Tiocza's Jewellery Boutique.
   539 | D:1      | 539 ||| SHOPLISTING ring "Lunoeng" {Drain rC++ rCorr Int+6
                  | SInv} (647 gold, have 72).
   539 | D:1      | 539 ||| SHOPLISTING ring of fire (250 gold, have 72).
   539 | D:1      | 539 ||| SHOPLISTING ring of positive energy (200 gold, have
                  | 72).
   539 | D:1      | 539 ||| SHOPLISTING ring of protection from fire (250 gold,
                  | have 72).
   539 | D:1      | 539 ||| SHOPLISTING ring of resist corrosion (200 gold,
                  | have 72).
   539 | D:1      | 539 ||| SHOPLISTING ring of see invisible (150 gold, have
                  | 72).
   755 | D:1      | 755 ||| UPGRADING to +0 leather armour.
   765 | D:1      | 765 ||| DROPPING +0 robe.
   766 | D:1      | 766 ||| UPGRADING to +2 robe of cold resistance.
   776 | D:1      | 776 ||| DROPPING +0 leather armour.
   777 | D:1      | 777 ||| UPGRADING to +2 pair of gloves.
   782 | D:1      | 782 ||| READING scroll labelled MUCWENUPUHA.
   783 | D:1      | 783 ||| READING scroll labelled QIERIDGH RIMN.
   784 | D:1      | 784 ||| READING scroll labelled FOKE MOOHOQIU.
   785 | D:1      | 785 ||| READING 2 scrolls labelled UCYETH KAEMN.
   786 | D:1      | 786 ||| READING scroll labelled RIUBUT XUNOOQE.
   787 | D:1      | 787 ||| DROPPING scroll of poison.
   822 | D:2      | You fall into a shaft and drop 2 floors!
   823 | D:4      | 823 ||| PLANNING SEWER
   857 | D:4      | Reached XP level 3. HP: 21/21 MP: 4/4
   872 | D:4      | Found a white marble altar of Elyvilon.
  1062 | D:4      | Found Myelud's Assorted Antiques.
  1070 | D:4      | 1070 ||| BUYING crooked lead wand (120 gold).
  1070 | D:4      | Bought a crooked lead wand for 120 gold pieces
  1162 | D:4      | Found a glowing drain.
  1163 | D:4      | 1163 ||| READING scroll labelled FITZEUQUKH.
  1166 | D:4      | 1166 ||| DROPPING wand of charming (8).
  1203 | Sewer    | Entered a sewer
  1214 | Sewer    | 1214 ||| Stepping ~*~*~tactically~*~*~ (water).
  1223 | Sewer    | Reached XP level 4. HP: 12/26 MP: 5/5
  1294 | Sewer    | Reached skill level 4 in Ranged Weapons
  1317 | Sewer    | 1317 ||| Stepping ~*~*~tactically~*~*~ (water).
  1321 | Sewer    | 1321 ||| Stepping ~*~*~tactically~*~*~ (water).
  1327 | Sewer    | HP: 6/26 [hell rat (4)]
  1330 | Sewer    | Mangled by a hell rat

Levels and vault maps discovered:
D:1:      minmay_arrival_four_loops, layout_loops_ring, serial_shops,
          nicolae_shop_peninsula
D:2:      layout_basic, shapermc_ecumenical_altar_hornbeckon,
          grunt_decor_one_mirror, uniq_robin
D:4:      layout_rooms, mainiacjoe_overflow_small_starburst,
          gup_sewer_entry_bowl, serial_shops, nicolae_diamond_shop
Sewer:    sewer_hellmonk_bad_rat

Skill      XL: |  1  2  3  4 |
---------------+-------------+-----
Ranged Weapons | 3 4 |  4.0
Fighting       | 2 |  2.0
Dodging        | |  1.5
Spellcasting   | |  1.0
Hexes          | |  2.6

Action                     |  1- 3 |  4- 6 || total
---------------------------+-------+-------++-------
   Fire: Sling             |   106 |    17 ||   123
    Use: Scroll            |     6 |       ||     6
 Armour: Robe              |    11 |     2 ||    13
  Dodge: Dodged            |    19 |     3 ||    22

Table legend:
 A = Non-vault XP
 B = Vault XP
 C = Vault XP percentage of total XP
 D = Non-vault monster count
 E = Vault monster count
 F = Vault count percentage of total count
                 A         B        C        D         E       F
            +---------+---------+-------+---------+---------+-------
      Total |      67 |      35 |  34.3 |      33 |       9 |  21.4
            +---------+---------+-------+---------+---------+-------
        D:1 |      29 |       0 |   0.0 |      19 |       0 |   0.0
        D:4 |      38 |       5 |  11.6 |      14 |       4 |  22.2
      Sewer |       0 |      30 | 100.0 |       0 |       5 | 100.0
            +---------+---------+-------+---------+---------+-------
